 Dungeon Crawl Stone Soup version 0.31-a0-1424-g2add1c7226 (webtiles) character file.

Game seed: 4403494707323211079

109 Sonofthefire the Insei (level 4, -8/46 HPs)
             Began as an Octopode Shapeshifter on Dec 27, 2023.
             Mangled by a two-headed ogre
             ... wielding a +0 giant club
              (10 damage)
             ... on level 4 of the Dungeon.
             The game lasted 00:02:46 (1879 turns).

Sonofthefire the Insei (Octopode Shapeshifter)      Turns: 1879, Time: 00:02:47

Health: -8/46      AC: 22    Str: 13    XL:     4   Next: 89%
Magic:  4/4        EV:  2    Int: 12    God:
Gold:   109        SH:  0    Dex: 13    Spells: 3/3 levels left

rFire   . .          .
                       - Unarmed
rCold   . . .        (no shield)
rNeg    . . .        (helmet currently unavailable)
rPois   +            (no amulet)
rElec   .            (no ring)
rCorr   .            (no ring)
SInv    .            (no ring)
Will    .....        (no ring)
Stlth   +            (no ring)
HPRegen 0.27/turn    (no ring)
MPRegen 0.09/turn    (no ring)
                     (no ring)

%: no passive effects
@: tree-form
A: stationary, stasis, torment immunity, boosted hp, almost no armour,
(amphibious), 8 rings, (camouflage 1), (gelatinous body 1), (nimble swimmer 1),
(tentacles)
a: no special abilities


You were on level 4 of the Dungeon.
You were a tree.
You visited 1 branch of the dungeon, and saw 3 of its levels.

You collected 109 gold pieces.

Inventory:

Jewellery
 i - a ring of willpower
Talismans
 b - a beast talisman
 c - a flux talisman
Scrolls
 d - 5 scrolls of vulnerability {unknown}
 e - 3 scrolls of identify
 f - a scroll of fog {unknown}
 h - a scroll of blinking {unknown}
 j - a scroll of enchant weapon {unknown}
 k - a scroll of torment {unknown}
 m - a scroll of immolation {unknown}
 n - a scroll of teleportation {unknown}
Potions
 g - 2 potions of heal wounds
 l - a potion of enlightenment


   Skills:
 + Level 3.5 Fighting
 - Level 2.0 Dodging
 + Level 3.8 Unarmed Combat
 + Level 3.2 Shapeshifting


You had 3 spell levels left.
You didn't know any spells.
Your spell library was empty.

Dungeon Overview and Level Annotations

Branches:
Dungeon (2/15)

Altars:


Innate Abilities, Weirdness & Mutations

You are a tree.
Your roots penetrate the ground, keeping you stationary.
You cannot be teleported.
You are immune to unholy pain and torment.
Your maximum health is greatly increased.
You cannot wear most types of armour.
((You are amphibious.))
You can wear up to eight rings at the same time.
((Your skin changes colour to match your surroundings (Stealth+).))
((Your rubbery body absorbs attacks. (AC +1, EV +1)))
((You are camouflaged when in or above water. (Stealth+)))
((You have tentacles for arms and can constrict up to eight enemies at once.))


Message History

You enter the deep water.
Okay, then.
Okay, then.
As you read the scroll of identify, it crumbles to dust.
l - a potion of enlightenment You enter the deep water.
You start waiting.
A two-headed ogre is nearby!
Okay, then.
Okay, then.
Okay, then.
You start waiting.
A two-headed ogre is nearby!
Your transformation has ended.
You turn into a tree.
Your roots penetrate the ground.
You smack the two-headed ogre!
The two-headed ogre is lightly wounded.
The two-headed ogre hits you with a +0 giant club!!
Ouch! That really hurt!
The two-headed ogre hits you with a +0 giant spiked club!
* * * LOW HITPOINT WARNING * * *
You smack the two-headed ogre!
The two-headed ogre is heavily wounded.
You hit the two-headed ogre.
The two-headed ogre is heavily wounded.
The two-headed ogre hits you but does no damage.
The two-headed ogre hits you with a +0 giant spiked club.
* * * LOW HITPOINT WARNING * * *
You closely miss the two-headed ogre.
The two-headed ogre is heavily wounded.
Unknown command.
You hit the two-headed ogre.
The two-headed ogre is heavily wounded.
The two-headed ogre completely misses you.
The two-headed ogre hits you with a +0 giant spiked club.
* * * LOW HITPOINT WARNING * * *
You smack the two-headed ogre!
The two-headed ogre is almost dead.
The two-headed ogre hits you with a +0 giant club!
You die...

#...$.....#
##.## # #...#
.# # #†..# .#
#.#...###.#
#....≈≈≈≈.#
#~###..).≈.#
# ##≈≈≈≈##
#♣#### ~
#O.##
.~.###...####
≈.~.........+
.~~###...####
~ #..## #.##
#.# ##.#


You could see a two-headed ogre.

Vanquished Creatures
  A gnoll bouda (D:4)
  2 adders (D:2)
  A gnoll (D:4)
  A worm (D:2)
  2 dart slugs
  7 ball pythons
  3 bats
  5 endoplasms (D:1)
  3 giant cockroaches (D:1)
  3 goblins
  4 hobgoblins
  6 kobolds
  3 quokkas
  4 frilled lizards
45 creatures vanquished.

Notes
Turn   | Place    | Note
-------+----------+-------------------------------------------
     0 | D:1      | Sonofthefire the Octopode Shapeshifter began the quest for
                  | the Orb.
     0 | D:1      | Reached XP level 1. HP: 13/13 MP: 1/1
   115 | D:1      | Reached XP level 2. HP: 19/19 MP: 2/2
   671 | D:1      | Reached XP level 3. HP: 12/25 MP: 3/3
   799 | D:1      | Found a faded altar of an unknown god.
  1366 | D:2      | Reached XP level 4. HP: 21/31 MP: 4/4
  1685 | D:2      | You fall into a shaft and drop 2 floors!
  1806 | D:4      | Noticed a two-headed ogre
  1878 | D:4      | HP: 1/46 [two-headed ogre/+0 giant club (2)]
  1879 | D:4      | Mangled by a two-headed ogre

Illustrated notes

Levels and vault maps discovered:
D:1:      scummos_arrival_hexagon, layout_basic,
          hellmonk_ecumenical_altar_slurped_away
D:2:      layout_loops_cross
D:4:      layout_loops_corners, serial_rivers, chequers_serial_rivers_marsh,
          chequers_serial_rivers_micro_a, chequers_serial_rivers_micro_d,
          chequers_serial_rivers_micro_c, uniq_duvessa, uniq_robin

Skill      XL: |  1  2  3 |
---------------+----------+-----
Fighting       | 2 3 |  3.5
Dodging        | |  2.0
Unarmed Combat | |  3.8
Shapeshifting  | |  3.2

Action                     |  1- 3 |  4- 6 || total
---------------------------+-------+-------++-------
  Melee: Unarmed           |    70 |    36 ||   106
         Constrict         |    19 |     7 ||    26
         Tentacles         |    14 |     6 ||    20
         Punch             |     2 |       ||     2
    Use: Scroll            |     1 |     1 ||     2
         Potion            |       |     1 ||     1
   Stab: Sleeping          |     6 |       ||     6
         Distracted        |       |     1 ||     1
 Armour: Skin              |    34 |    17 ||    51
  Dodge: Dodged            |    46 |    19 ||    65

Table legend: (Time is in decaauts)
 A = Elapsed time spent in this place.
 B = Non-inter-level travel time spent in this place.
 C = Inter-level travel time spent in this place.
 D = Time resting spent in this place.
 E = Time spent auto-exploring this place.
 F = Levels seen in this place.
 G = Mean time per level.
                   A        B        C        D        E       F      G
               +--------+--------+--------+--------+--------+-----+--------+
         Total |   1871 |   1816 |     55 |    607 |    885 |   3 |  623.7 |
       Dungeon |   1871 |   1816 |     55 |    607 |    885 |   3 |  623.7 |
               +--------+--------+--------+--------+--------+-----+--------+

Top non-repeatable levels by time:
     D:1: 1145 daAuts
     D:2: 533 daAuts
     D:4: 192 daAuts
